 Dungeon Crawl Stone Soup version 0.18.1-47-g9310371 (webtiles) character file.

77 LinoAlbertino the Grave Robber (level 4, -5/34 HPs)
             Began as a Ghoul Necromancer on June 19, 2016.
             Slain by an ogre
             ... wielding a +0 giant club
              (10 damage)
             ... on level 5 of the Dungeon.
             The game lasted 00:35:32 (2042 turns).

LinoAlbertino the Grave Robber (Ghoul Necromancer)  Turns: 2042, Time: 00:35:32

Health: -5/34      AC:  7    Str: 12    XL:     4   Next: 33%
Magic:  5/5        EV: 13    Int: 10    God:
Gold:   38         SH:  0    Dex:  9    Spells: 2 memorised, 4 levels left

rFire  . . .     SeeInvis .     l - +0 dagger (venom)
rCold  + . .     Gourm    .     f - +0 ring mail
rNeg   + + +     Faith    .     (no shield)
rPois  ∞         Spirit   .     k - +2 hat
rElec  .         Dismiss  .     (no cloak)
rCorr  .         Reflect  .     (no gloves)
SustAt .         Harm     .     (no boots)
MR     .....                    (no amulet)
Stlth  +.........               (no ring)
                                v - +3 ring of evasion

@: rotting, not resistant to hostile enchantments, very unstealthy
A: rotting body, claws 1, carnivore 3, cold resistance 1, negative energy
resistance 3, slow regeneration 1, torment resistance, unbreathing
a: no special abilities


You were on level 5 of the Dungeon.
You were not hungry.

You visited 1 branch of the dungeon, and saw 4 of its levels.

You collected 38 gold pieces.

Inventory:

Hand Weapons
 d - a +0 dagger
 e - a +0 mace of protection
 g - a +0 short sword
 h - a +0 short sword
 i - a +0 club
 j - a +0 club
 l - a +0 dagger of venom (weapon)
 m - a +0 dagger
 o - a +0 club
 p - a +0 club
 q - a +0 club
 s - a +0 dagger
 u - a +0 club
 x - a +0 rapier
 y - a +0 mace
 z - a +0 mace
Missiles
 c - 52 stones (quivered)
 n - 17 sling bullets
Armour
 a - a +0 robe
 f - a +0 ring mail (worn)
 k - a +2 hat (worn)
Jewellery
 v - a +3 ring of evasion (left claw)
Scrolls
 w - a scroll of remove curse {unknown}
 A - a scroll of fear {unknown}
Potions
 t - a potion of curing {unknown}
Books
 b - a book of Necromancy

   Spells                             Type                      Level
   a - Pain                           Necromancy                   1
   b - Animate Skeleton               Necromancy                   1
   c - Vampiric Draining              Necromancy                   3
   d - Regeneration                   Charms/Necromancy            3
   e - Animate Dead                   Necromancy                   4
   f - Control Undead                 Necromancy                   4
Comestibles
 r - 2 chunks of flesh


   Skills:
 + Level 0.9 Fighting
 + Level 0.1 Short Blades
 + Level 0.1 Maces & Flails
 + Level 0.6 Throwing
 + Level 1.0 Armour
 + Level 2.3 Dodging
 + Level 2.7 Stealth
 + Level 1.9 Spellcasting
 + Level 4.4 Necromancy


You had 4 spell levels left.
You knew the following spells:

 Your Spells              Type           Power        Failure   Level  Hunger
a - Pain                  Necr           #...         14%         1    ##.....
b - Animate Skeleton      Necr           N/A          14%         1    ##.....


Dungeon Overview and Level Annotations

Branches:
Dungeon (2/15)

Altars:

Annotations:
D:1 exclusion: downstairs


Innate Abilities, Weirdness & Mutations

Your body is rotting away.
You thrive on raw meat.
You are immune to poison.
You have sharp fingernails.
You are carnivorous and can eat meat at any time.
Your flesh is cold resistant.
You are immune to negative energy.
You regenerate slowly when monsters are visible.
You are immune to unholy pain and torment.
You can survive without breathing.


Message History

You hit the giant frog skeleton.
You destroy the giant frog skeleton!
Your Armour skill increases to level 1!
You have reached level 4!
A - a scroll labeled VEUNKOGIK
There are no items here.
An ogre comes into view. It is wielding a giant club.
Found a stone staircase leading up.
The ogre shouts!
Casting: Animate Skeleton
Confirm with . or Enter, or press ? or * to list all spells.
Aiming: Pain
Press: ? - help, Shift-Dir - straight line, f - ogre
Aim: an ogre, wielding a giant club (chance to defeat MR: 60%)
The ogre convulses in agony!
The ogre closely misses you.
You hit the ogre.
The ogre is poisoned.
The ogre is moderately wounded.
The ogre misses you. The ogre hits you with a giant club!
You die...

..# #### #. ..#
#... #. #.# ##.##
#.# #####<# ##...#
#.#.#.....####.....
#.#.#.###..........
#.#.......######...
#.###.###.# #.##
#.@O......# #.#
#####....## ##'##
####.# ##...# #.#
##..... #.#
##.>.... ..#
#....... ...
+....... ..#
#....... ########


You could see an ogre.

Vanquished Creatures
  A giant frog skeleton (D:5)
  A worm (D:2)
  2 dart slugs
  A giant gecko (D:3)
  2 giant cockroaches (D:1)
  2 hobgoblins
  4 jackals (D:2)
  6 kobolds
  A quokka (D:3)
  2 bats (D:1)
  A giant newt (D:1)
  8 goblins
  5 rats
36 creatures vanquished.

Vanquished Creatures (others)
  4 toadstools (D:1)
4 creatures vanquished.

Grand Total: 40 creatures vanquished

Notes
Turn   | Place    | Note
--------------------------------------------------------------
     0 | D:1      | LinoAlbertino the Ghoul Necromancer began the quest for the Orb.
     0 | D:1      | Reached XP level 1. HP: 14/14 MP: 2/2
    55 | D:1      | Learned a level 1 spell: Animate Skeleton
   597 | D:1      | Reached XP level 2. HP: 9/17 MP: 3/3
  1512 | D:2      | Reached XP level 3. HP: 21/25 MP: 4/4
  1731 | D:2      | You fall through a shaft!
  1928 | D:3      | You fall through a shaft for 2 floors!
  1928 | D:5      | Entered Level 5 of the Dungeon
  1997 | D:5      | HP: 1/27 [giant frog skeleton (4)]
  1998 | D:5      | Reached skill level 1 in Armour
  1998 | D:5      | Reached XP level 4. HP: 1/34 MP: 5/5
  2029 | D:5      | Noticed an ogre
  2042 | D:5      | Slain by an ogre

Skill      XL: |  1  2  3 |
---------------+----------+-----
Dodging        | 2 |  2.3
Armour         | 1 |  1.0
Fighting       | |  0.9
Short Blades   | |  0.1
Maces & Flails | |  0.1
Throwing       | |  0.6
Stealth        | |  2.7
Spellcasting   | |  1.9
Necromancy     | |  4.4

Action                   |  1- 3 |  4- 6 || total
-------------------------+-------+-------++-------
Melee: Mace              |    47 |       ||    47
       Unarmed           |     7 |       ||     7
       Dagger            |    80 |     1 ||    81
Throw: Stone             |    24 |       ||    24
 Cast: Pain              |     3 |     1 ||     4
       Animate Skeleton  |     2 |       ||     2
  Use: Scroll            |     3 |       ||     3
 Stab: Sleeping          |     1 |       ||     1
  Eat: Chunk             |     6 |       ||     6
       Meat ration       |     1 |       ||     1
Armor: Robe              |     6 |       ||     6
       Ring mail         |    73 |       ||    73
Dodge: Dodged            |    93 |     2 ||    95
